 Dungeon Crawl Stone Soup version 0.24.1-4-ge52af88ad5 (webtiles) character file.

Game seed: 17686836313033365041, levelgen mode: deterministic

1892 Gruesph the Cleaver (level 8, -7/78 HPs)
             Began as a Deep Dwarf Fighter on Apr 15, 2020.
             Was a Priest of Makhleb.
             Mangled by an ogre
             ... wielding a +0 giant spiked club
              (26 damage)
             ... on level 6 of the Dungeon.
             The game lasted 00:26:56 (5227 turns).

Gruesph the Cleaver (Deep Dwarf Fighter)            Turns: 5227, Time: 00:26:56

Health: -7/78      AC:  8    Str: 21    XL:     8   Next: 93%
Magic:  9/9        EV:  7    Int: 10    God:    Makhleb [***...]
Gold:   328        SH: 10    Dex: 15    Spells: 7/7 levels left

rFire    . . .     SeeInvis .   a - +1 war axe
rCold    . . .     Gourm    .   l - +1 shield
rNeg     . . .     Faith    .   b - +0 scale mail
rPois    .         Spirit   .   (no helmet)
rElec    .         Reflect  .   (no cloak)
rCorr    .         Harm     .   (no gloves)
MR       +....                  n - +0 pair of boots
Stlth    ..........             (no amulet)
HPRegen  0.00/turn              o - +3 ring of dexterity
MPRegen  0.11/turn              (no ring)

@: non-regenerating
A: damage resistance, heal wounds, sense surroundings 1, no regeneration
a: Heal Wounds, Minor Destruction, Lesser Servant of Makhleb, Renounce Religion


You were on level 6 of the Dungeon.
You worshipped Makhleb.
Makhleb was most pleased with you.
You were not hungry.

You visited 1 branch of the dungeon, and saw 6 of its levels.

You collected 328 gold pieces.

Inventory:

Hand Weapons
 a - a +1 war axe (weapon)
Missiles
 g - 78 sling bullets
 j - 217 stones
 u - 17 poisoned darts (quivered)
Armour
 b - a +0 scale mail (worn)
 l - a +1 shield (worn)
 n - a +0 pair of boots (worn)
Jewellery
 o - a +3 ring of dexterity (left hand)
Wands
 q - a wand of iceblast (12)
 y - a wand of flame (10)
Scrolls
 i - a scroll of teleportation
 k - 2 scrolls of fog
 p - 2 scrolls of magic mapping
 r - 2 scrolls of remove curse
 s - a scroll of enchant weapon
Potions
 c - 2 potions of curing
 d - 3 potions of might
 e - a potion of berserk rage
 h - 2 potions of heal wounds
 m - a potion of ambrosia
 v - a potion of cancellation {unknown}
 x - a potion of haste {unknown}
 z - a potion of invisibility {unknown}
Comestibles
 f - 12 rations
 t - 5 chunks of flesh


   Skills:
 + Level 6.3 Fighting
 * Level 9.9 Axes
 - Level 3.2 Armour
 - Level 3.2 Shields
 - Level 5.1 Invocations


You had 7 spell levels left.
You didn't know any spells.
Your spell library contained the following spells:

 Spells                   Type           Power        Failure   Level  Hunger
 Animate Skeleton         Necr           N/A          99%         1    ##.....
 Apportation              Tloc           #.....       99%         1    ##.....
 Confusing Touch          Hex            #.....       99%         1    ##.....
 Summon Small Mammal      Summ           #...         99%         1    ##.....


Dungeon Overview and Level Annotations

Branches:
Dungeon (6/15)             Temple (0/1) D:6

Altars:
Fedhas
Hepliaklqana
Kikubaaqudgha
Makhleb
Ru
Uskayaw
Wu Jian
Xom
Yredelemnul
Zin


Innate Abilities, Weirdness & Mutations

You are resistant to damage.
You can heal yourself by infusing magical energy.
You passively map a small area around you.
You do not regenerate.


Message History

The centaur is almost dead.
The centaur completely misses you.
You slash the centaur!
You kill the centaur!
Makhleb accepts your kill.
You hit the ogre.
The ogre is lightly wounded.
The ogre hits you with a +0 giant spiked club!!
You completely miss the ogre.
The ogre is lightly wounded.
The ogre hits you with a +0 giant spiked club!
* * * LOW HITPOINT WARNING * * *
Evoke which item? (* to show all) (? for menu, Esc to quit)
Aiming: Throw Flame
Press: ? - help, Shift-Dir - straight line, f - ogre
Aim: an ogre, wielding a +0 giant spiked club (lightly wounded)
The puff of flame hits the ogre.
The ogre is moderately wounded.
The ogre hits you with a +0 giant spiked club!!
You die...

.......# * .#####.* #..*
.# #..* .# #.. .# , #..*
.#####.# * #..* ........
..#..# .#####.#
#.#.O########## .# #.#
#.#..@........# .# #.#
#.##.##.......# ## #.#
#.##.##.......# # #.#
#.##.##......<# # #.#
#.##.##.......#
######.#####.##.##.......#
.................#.......#
########..#####..#.....[.#
# #.........####.####


You could see an ogre.

Vanquished Creatures
  Eustachio (D:4)
  2 sky beasts
  A black bear (D:6)
  A necrophage (D:6)
  2 centaurs (D:6)
  2 bullfrogs (D:6)
  2 scorpions
  3 wights (D:4)
  A crimson imp (D:5)
  A centaur zombie (D:5)
  2 hounds
  4 jellies
  2 orc priests (D:6)
  5 orc wizards
  4 iguanas
  4 worker ants
  A killer bee zombie (D:6)
  6 adders
  11 oozes
  An adder skeleton (D:5)
  A worm (D:3)
  A dart slug (D:1)
  3 leopard geckos
  13 orcs
  6 giant cockroaches
  8 goblins
  9 hobgoblins
  10 jackals
  4 quokkas
  3 ball pythons
  3 bats
  6 frilled lizards
  2 giant cockroach zombies
  13 kobolds
  A leopard gecko zombie (D:6)
  A quokka skeleton (D:5)
  14 rats
  3 bushes (D:1)
  A plant (D:1)
158 creatures vanquished.

Vanquished Creatures (others)
  A fungus (D:3)
  8 toadstools (D:3)
9 creatures vanquished.

Grand Total: 167 creatures vanquished

Notes
Turn   | Place    | Note
-------+----------+-------------------------------------------
     0 | D:1      | Gruesph the Deep Dwarf Fighter began the quest for the Orb.
     0 | D:1      | Reached XP level 1. HP: 20/20 MP: 1/1
   128 | D:1      | You fall into a shaft and drop 1 floor!
   202 | D:2      | Reached XP level 2. HP: 27/27 MP: 2/2
   222 | D:2      | Reached skill level 3 in Axes
   366 | D:2      | Reached XP level 3. HP: 15/34 MP: 3/3
   395 | D:2      | Found a burning altar of Makhleb.
   403 | D:2      | Became a worshipper of Makhleb the Destroyer
   461 | D:2      | Reached skill level 4 in Axes
   679 | D:1      | Reached XP level 4. HP: 36/42 MP: 3/3
  1773 | D:3      | Reached * piety under Makhleb
  1786 | D:3      | Found a blossoming altar of Fedhas.
  1830 | D:3      | Found a faded altar of an unknown god.
  2004 | D:3      | Found a hide-covered altar of Uskayaw.
  2481 | D:3      | Reached skill level 5 in Axes
  2481 | D:3      | Reached XP level 5. HP: 47/50 MP: 4/4
  2649 | D:3      | Found a glowing silver altar of Zin.
  2649 | D:3      | Found a shimmering altar of Xom.
  2654 | D:3      | Found a hazy altar of Hepliaklqana.
  2656 | D:3      | Found a faded altar of an unknown god.
  2658 | D:3      | Found an ornate altar of the Wu Jian Council.
  2839 | D:3      | Reached XP level 6. HP: 38/57 MP: 5/5
  2979 | D:4      | Reached ** piety under Makhleb
  3035 | D:4      | Reached skill level 6 in Axes
  3191 | D:4      | Noticed Eustachio
  3255 | D:4      | Killed Eustachio
  3255 | D:4      | Reached skill level 7 in Axes
  3255 | D:4      | Reached XP level 7. HP: 49/66 MP: 5/5
  3722 | D:4      | Reached skill level 5 in Fighting
  3722 | D:4      | Reached skill level 1 in Invocations
  3763 | D:5      | Entered Level 5 of the Dungeon
  3854 | D:5      | Found a sacrificial altar of Ru.
  3895 | D:5      | Reached skill level 8 in Axes
  4130 | D:5      | Found a basalt altar of Yredelemnul.
  4477 | D:5      | Reached XP level 8. HP: 74/74 MP: 8/8
  4664 | D:5      | Reached *** piety under Makhleb
  4734 | D:6      | Reached skill level 9 in Axes
  4772 | D:6      | Found a staircase to the Ecumenical Temple.
  4881 | D:6      | Found an ancient bone altar of Kikubaaqudgha.
  5131 | D:6      | Reached skill level 5 in Invocations
  5227 | D:6      | Mangled by an ogre

Levels and vault maps discovered:
D:1:      elethiomel_arrival_maze, layout_basic, serial_forest,
          infiniplex_forest_corner_1, infiniplex_forest_lined_2,
          infiniplex_forest_lined_corner, infiniplex_forest_end_3,
          infiniplex_forest_clump_tiny, infiniplex_forest_corner_1,
          infiniplex_forest_clump_small
D:2:      layout_loops_ring, makhleb_heckhound_becter, mrwooster_statue_mirror
D:3:      cheibrodos_fertilizer, layout_loops_corners, fedhas_altar_fruit_tree,
          nicolae_overflow_crystal_walls, chequers_temple_overflow_minitemple,
          chequers_ecumenical_altar_simple_redux
D:4:      layout_basic, first_ration, uniq_eustachio
D:5:      layout_loops_ring, nicolae_ru_great_annihilating_truth,
          minmay_stone_trees_small, yredelemnul_altar_generic
D:6:      layout_loops_ring, temple_statues, basic_altar, st_stairs_11

Skill      XL: |  1  2  3  4  5  6  7  8 |
---------------+-------------------------+-----
Fighting       | 3 4 5 6 |  6.3
Axes           | 3 4 5 7 8 9 |  9.9
Invocations    | 3 5 |  5.1
Armour         | |  3.2
Shields        | |  3.2

Action                   |  1- 3 |  4- 6 |  7- 9 || total
-------------------------+-------+-------+-------++-------
Melee: War axe           |    98 |   375 |   268 ||   741
Throw: Dart              |     3 |       |     1 ||     4
 Abil: Heal Wounds       |     1 |     3 |     3 ||     7
Evoke: Wand              |       |       |     2 ||     2
  Use: Scroll            |       |       |    14 ||    14
 Stab: Paralysed         |       |       |     1 ||     1
  Eat: Chunk             |       |     5 |     7 ||    12
       Ration            |       |     1 |       ||     1
Armor: Scale mail        |    32 |   107 |    99 ||   238
Dodge: Dodged            |    27 |    64 |    49 ||   140
Block: Shield            |    53 |   126 |   134 ||   313
